 Dungeon Crawl Stone Soup version 0.16-a0-3880-g9314259 (webtiles) character file.

38 timbw the Slasher (level 3, -2/29 HPs)
             Began as a Ghoul Gladiator on Feb 1, 2015.
             Slain by a rat (3 damage)
             ... on level 2 of the Dungeon.
             The game lasted 00:01:31 (249 turns).

timbw the Slasher (Ghoul Gladiator)                  Turns: 249, Time: 00:01:31

Health: -2/29      AC:  7    Str: 18    XL:     3   Next: 43%
Magic:  3/3        EV: 10    Int:  4    God:
Gold:   81         SH:  0    Dex:  9    Spells: 0 memorised, 2 levels left

rFire  . . .     SeeInvis .     a - +0 long sword
rCold  + . .     Clarity  .     l - +0 scale mail
rNeg   + + +     SustAb   .     (no shield)
rPois  ∞         Gourm    .     c - +0 helmet
rElec  .         Spirit   .     (no cloak)
rCorr  .         Warding  .     (no gloves)
rMut   .         Stasis   .     (no boots)
MR     .....                    (no amulet)
Stlth  ..........               (no ring)
                                (no ring)

@: rotting, slowed, very slow, not resistant to hostile enchantments, extremely
unstealthy
A: rotting body, claws 1, carnivore 3, cold resistance 1, negative energy
resistance 3, poison resistance, slow healing 1, torment resistance, unbreathing
a: no special abilities


You were on level 2 of the Dungeon.
You were not hungry.

You visited 1 branch of the dungeon, and saw 2 of its levels.

You collected 81 gold pieces.

Inventory:

Hand weapons
 a - a +0 long sword (weapon)
Missiles
 k - a throwing net (quivered)
Armour
 b - a +0 leather armour
 c - a +0 helmet (worn)
 g - a +0 ring mail
 l - a +0 scale mail (worn)
Magical devices
 d - a wand of slowing (11)
Scrolls
 f - a scroll of remove curse {unknown}
 h - a scroll of enchant weapon {unknown}
Potions
 e - a potion of curing
Comestibles
 i - a royal jelly


   Skills:
 - Level 2.1 Fighting
 + Level 4.0 Long Blades
 - Level 1.7 Throwing
 - Level 2.6 Dodging


You had 2 spell levels left.
You didn't know any spells.

Dungeon Overview and Level Annotations

Branches:
Dungeon (2/15)

Altars:

Annotations:
D:2 Sigmund


Innate Abilities, Weirdness & Mutations

Your body is rotting away.
You thrive on raw meat.
You have sharp fingernails.
You are carnivorous and can eat meat at any time.
Your flesh is cold resistant.
You are immune to negative energy.
Your system is resistant to poisons.
You heal slowly when monsters are visible.
You are immune to unholy pain and torment.
You can survive without breathing.


Message History

* * * LOW HITPOINT WARNING * * *
The rat bites you but does no damage.
You hit the worm but do no damage.
The worm is severely wounded.
The rat closely misses you. The worm bites you but does no damage.
The rat bites you but does no damage.
You hit the worm but do no damage.
The worm is severely wounded.
The worm barely misses you. The rat barely misses you.
You barely miss the worm.
The worm is severely wounded.
The rat bites you but does no damage. The worm bites you.
* * * LOW HITPOINT WARNING * * *
The rat bites you but does no damage. The rat barely misses you.
Found a scroll labeled QUARCH INGOLE.
The worm bites you.
* * * LOW HITPOINT WARNING * * *
The rat bites you.
You die...

#.# #........ ...
+......(. #.#
#........ #.#
+........
###.###+##........
#.................
#.................
#rw..[............
#@......##........
#.....)####........
#......# #....####
#......# #....#
#......# #....#
#......# ######
#......# #?...##
...


You could see a worm and a rat.

Vanquished Creatures
  Terence (D:2)
  An adder (D:2)
  2 worms (D:2)
  A giant cockroach (D:2)
  A ball python (D:1)
  A rat (D:2)
7 creatures vanquished.

Notes
Turn   | Place    | Note
--------------------------------------------------------------
     0 | D:1      | timbw, the Ghoul Gladiator, began the quest for the Orb.
     0 | D:1      | Reached XP level 1. HP: 17/17 MP: 1/1
    63 | D:2      | Reached skill level 3 in Long Blades
    63 | D:2      | Reached XP level 2. HP: 9/24 MP: 2/2
    67 | D:2      | Noticed Sigmund
   153 | D:2      | Reached XP level 3. HP: 8/29 MP: 3/3
   159 | D:2      | Noticed Terence
   189 | D:2      | Killed Terence
   219 | D:2      | Reached skill level 4 in Long Blades
   249 | D:2      | HP: 1/29 [worm (2)]
   249 | D:2      | Slain by a rat

Action                   || total
-------------------------++-------
Melee: Long sword        ||    40
Throw: Throwing net      ||     5
  Use: Potion            ||     1
 Stab: Held in net/web   ||     1
  Eat: Chunk             ||     4
